Map: Acid Plant LE

Players

Hurricane - Winner!

  • Race: Protoss Protoss
  • Spawn Location: 11:00

TRUE

  • Race: Zerg Zerg
  • Spawn Location: 5:00

Event: IEM Season 12 - Katowice

VOD

Have the link to the VOD?

Description

Time

  • Played on: March 1, 2018, 1:16 p.m.
  • Length: 10:28

All games in this series

Show
View Real Time Build Order
Export as new Build Order

Hurricane Protoss - Winner!

Build Orders: 1 Gate Expand, Phoenix Opening, Zealot Archon, Archon Drop 

Get SALT Encoding   

  12  0:00  Probe  
  13  0:12  Probe  
  14  0:18  Pylon  
  14  0:24  Probe (Chrono Boost)  
  15  0:37  Probe (Chrono Boost)  
  15  0:38  Gateway  
  16  0:45  Probe (Chrono Boost)  
  16  0:48  Assimilator  
  17  0:51  Probe  
  18  1:03  Probe  
  19  1:15  Probe  
  20  1:25  Nexus  
  20  1:35  Cybernetics Core  
  20  1:37  Probe  
  21  1:44  Assimilator  
  21  1:50  Probe  
  22  1:54  Pylon  
  22  2:02  Probe  
  23  2:10  Adept (Chrono Boost)  
  23  2:14  Probe  
  26  2:19  Stargate  
  26  2:26  Probe (Chrono Boost)  
  26  2:28  Warp Gate  
  27  2:33  Adept  
  30  2:37  Probe (Chrono Boost)  
  30  2:39  Probe (Chrono Boost)  
  31  2:46  Probe (Chrono Boost)  
  31  2:47  Probe (Chrono Boost)  
  31  2:51  Probe (Chrono Boost)  
  33  2:53  Probe  
  35  3:02  Phoenix (Chrono Boost)  
  35  3:03  Probe  
  38  3:05  Probe  
  38  3:11  Pylon  
  39  3:15  Probe  
  39  3:17  Probe  
  39  3:19  Gateway  
  41  3:27  Probe  
  41  3:29  Twilight Council  
  41  3:30  Probe  
  41  3:32  Assimilator  
  43  3:40  Probe, Robotics Facility  
  44  3:44  Assimilator  
  44  3:45  Probe  
  45  3:51  Pylon  
  45  3:52  Probe  
  46  3:57  Probe  
  50  4:05  Probe  
  51  4:11  Templar Archives  
  51  4:14  Gateway  
  51  4:15  Probe  
  51  4:16  Gateway  
  50  4:17  Probe  
  50  4:21  Charge  
  50  4:25  Warp Prism (Chrono Boost)  
  50  4:27  Pylon  
  52  4:33  Zealot  
  54  4:41  Probe x2  
  54  4:43  Oracle  
  58  4:55  Observer  
  59  5:01  Pylon  
  59  5:05  Probe x2  
  61  5:15  Zealot x2, High Templar x2  
  61  5:18  Nexus  
  61  5:19  Pylon  
  69  5:22  Pylon  
  69  5:24  Archon  
  69  5:26  Probe x2  
  71  5:37  Adept, Zealot  
  73  5:48  Shield Battery  
  73  5:53  Zealot x2  
  75  5:59  Gateway  
  75  6:01  Gateway  
  75  6:02  Forge  
  71  6:09  High Templar x2  
  71  6:10  Probe x2  
  73  6:11  Pylon  
  73  6:13  Archon  
  73  6:19  Zealot x2  
  75  6:29  Immortal  
  79  6:35  Pylon  
  79  6:36  Nexus  
  79  6:38  Pylon, High Templar x2  
  79  6:39  Psionic Storm  
  83  6:43  Archon  
  83  6:44  Probe x2  
  83  6:47  Protoss Ground Weapons Level 1 (Chrono Boost), Pylon  
  85  6:56  Probe  
  86  7:04  Probe  
  86  7:08  Probe  
  86  7:11  Zealot x6  
  94  7:24  Probe x2  
  94  7:26  Shield Battery  
  94  7:28  Immortal  
  100  7:31  Pylon  
  100  7:38  High Templar x2  
  100  7:39  Zealot x2  
  100  7:41  High Templar  
  110  7:44  Archon  
  110  7:48  High Templar  
  110  7:51  Probe x3  
  113  7:56  Archon  
  114  8:07  Zealot x2  
  118  8:12  Gateway  
  118  8:13  Gateway  
  106  8:22  Zealot x3  
  106  8:23  Zealot  
  106  8:26  Probe x2  
  106  8:27  Probe  
  117  8:29  High Templar x2  
  117  8:33  Assimilator  
  121  8:35  Archon, Assimilator  
  121  8:37  Pylon  
  121  8:43  Zealot x3, Sentry  
  121  8:46  Nexus  
  129  8:54  Observer  
  127  8:59  Photon Cannon  
  127  9:01  Pylon  
  127  9:02  Probe x3  
  130  9:05  Observer (Chrono Boost)  
  130  9:06  Robotics Facility  
  129  9:15  Pylon  
  129  9:19  Zealot x3  
  129  9:20  Zealot x3  
  129  9:23  Probe x3  
  134  9:28  Photon Cannon  
  134  9:36  Assimilator  
  134  9:40  Assimilator  
  134  9:42  High Templar x3  
  134  9:43  Zealot x2, High Templar  
  146  9:46  Archon x2  
  146  9:47  High Templar x2  
  146  9:51  Archon  
  146  10:04  Zealot x2  
  154  10:20  Zealot x4, High Templar x2  
  168  10:25  Archon  
  168  10:26  Zealot x2  
Show
View Real Time Build Order
Export as new Build Order

TRUE Zerg 

Build Orders: Hatch First, Lurkers 

Get SALT Encoding   

  12  0:00  Drone  
  13  0:12  Overlord  
  13  0:17  Drone  
  14  0:31  Drone x2  
  14  0:34  Drone  
  17  0:53  Hatchery  
  17  0:56  Drone  
  17  1:11  Spawning Pool  
  17  1:12  Drone  
  17  1:16  Extractor  
  17  1:17  Drone  
  17  1:21  Drone  
  18  1:29  Drone  
  19  1:39  Overlord  
  19  1:58  Queen, Zergling x2  
  19  2:00  Drone  
  23  2:04  Queen  
  23  2:05  Drone  
  26  2:10  Drone  
  26  2:15  Drone  
  28  2:18  Metabolic Boost  
  28  2:21  Drone  
  29  2:27  Drone  
  30  2:33  Drone  
  31  2:46  Zergling x2  
  31  2:47  Hatchery  
  31  2:57  Queen  
  33  2:58  Overlord  
  33  2:59  Drone x2  
  33  3:03  Drone  
  36  3:12  Overlord  
  36  3:16  Drone x2  
  36  3:17  Drone x2  
  40  3:21  Drone  
  40  3:22  Evolution Chamber  
  40  3:27  Drone  
  40  3:30  Queen  
  40  3:32  Overlord  
  43  3:38  Drone  
  43  3:39  Drone x2  
  46  3:42  Overlord  
  46  3:50  Queen  
  46  3:51  Zerg Melee Weapons Level 1  
  46  3:53  Drone  
  46  3:54  Drone  
  50  4:01  Queen  
  50  4:02  Drone x2  
  54  4:04  Drone  
  54  4:05  Drone  
  54  4:08  Drone  
  54  4:09  Drone  
  58  4:11  Drone  
  58  4:13  Drone  
  58  4:14  Drone  
  61  4:17  Drone  
  61  4:18  Drone  
  61  4:20  Drone  
  61  4:21  Drone  
  61  4:23  Drone  
  66  4:28  Overlord x2  
  66  4:34  Lair  
  66  4:46  Overlord  
  66  4:53  Zergling x16  
  66  4:57  Overlord  
  74  5:03  Overlord  
  74  5:04  Zergling x2  
  74  5:05  Zergling x8  
  79  5:07  Zergling x2, Hatchery  
  79  5:09  Zergling x2  
  79  5:10  Zergling x4  
  81  5:16  Zergling x10  
  81  5:20  Zergling x2  
  86  5:26  Zergling x4  
  88  5:30  Zergling x2  
  88  5:34  Zergling x2  
  88  5:37  Zergling x6  
  88  5:38  Zergling x2  
  88  5:41  Zergling x6  
  88  5:42  Overlord  
  90  5:47  Zergling x2  
  86  5:50  Zergling x2  
  86  5:51  Zergling x2  
  86  5:52  Zergling x2  
  86  5:53  Zergling x2  
  86  5:55  Zergling x2  
  86  5:58  Zergling x2  
  86  5:59  Zergling x2  
  82  6:07  Zerg Missile Weapons Level 1  
  82  6:08  Queen x3, Hydralisk Den  
  85  6:14  Drone x7  
  85  6:16  Extractor  
  85  6:17  Extractor  
  85  6:18  Drone x3  
  93  6:19  Extractor  
  89  6:26  Drone  
  89  6:29  Drone x2  
  89  6:30  Extractor  
  91  6:40  Zergling x10  
  96  6:52  Lurker Den  
  95  6:55  Drone x4  
  95  7:00  Extractor  
  97  7:02  Zergling x6  
  97  7:03  Zergling x4  
  97  7:04  Zergling x2  
  97  7:06  Zergling x2  
  97  7:08  Zergling x4  
  102  7:10  Zergling x2  
  102  7:12  Zergling x2  
  88  7:18  Zergling x2, Grooved Spines  
  88  7:20  Zergling x2  
  88  7:22  Zergling x2  
  88  7:23  Zergling x6  
  88  7:25  Zergling x4  
  88  7:27  Hatchery  
  88  7:28  Zergling x4  
  94  7:32  Zergling x2  
  94  7:33  Zergling x4  
  97  7:39  Zergling x12  
  97  7:42  Zergling x2  
  97  7:43  Overlord  
  104  7:48  Overlord  
  104  7:50  Spire  
  102  8:01  Hydralisk  
  102  8:02  Hydralisk x2  
  102  8:03  Spine Crawler, Hydralisk x2  
  102  8:04  Spine Crawler  
  102  8:05  Hydralisk x2  
  107  8:06  Hydralisk  
  107  8:07  Hydralisk  
  107  8:12  Zergling x8  
  110  8:16  Zergling x2  
  110  8:17  Zergling x2  
  110  8:19  Zergling x2  
  87  8:22  Zergling x2  
  87  8:25  Zergling x2  
  85  8:29  Zergling x2  
  85  8:32  Zergling x2  
  82  8:38  Hydralisk x2  
  82  8:39  Overseer  
  80  8:41  Lurker x3  
  80  8:42  Lurker  
  80  8:43  Lurker  
  80  8:46  Zergling x2  
  86  8:53  Zergling x6  
  86  8:54  Zergling x2  
  86  8:59  Infestation Pit  
  86  9:01  Lurker x2  
  85  9:04  Zergling x2  
  75  9:12  Zergling x4  
  75  9:13  Zergling x2  
  75  9:14  Zergling x2  
  75  9:15  Zergling x2  
  75  9:17  Zergling x2  
  75  9:21  Zergling x4  
  75  9:23  Zergling x2  
  63  9:25  Zergling x2  
  63  9:28  Zergling x6  
  63  9:29  Zergling x2  
  65  9:34  Zergling x2  
  59  9:40  Hydralisk  
  59  9:42  Hydralisk  
  59  9:49  Hydralisk x2  
  59  9:50  Hydralisk  
  59  9:51  Hydralisk  
  66  9:54  Zergling x2  
  66  9:55  Zergling x2  
  66  9:58  Zergling x2  
  49  10:03  Zergling x2  

Tags
 
Add a new tag
Caveats
  • Supply blocks, unpowered buildings, or Contaminate may cause inaccurate times.
  • Supply counts are checked every 10 seconds.